Map: Ulzaan

Players

HGTrodhir

  • Race: Zerg Zerg
  • Spawn Location: 3:00

Darkon - Winner!

  • Race: Terran Terran
  • Spawn Location: 11:00

CarlosGR - Winner!

  • Race: Protoss Protoss
  • Spawn Location: 9:00

impoe

  • Race: Protoss Protoss
  • Spawn Location: 1:00

VOD

Have the link to the VOD?

Description

Time

  • Played on: Sept. 17, 2018, 7:06 p.m.
  • Length: 19:37
Show
View Real Time Build Order
Export as new Build Order

HGTrodhir Zerg 

Build Orders: Pool First 

Get SALT Encoding   

  12  0:22  Spawning Pool  
  11  0:35  Drone x3  
  14  0:51  Overlord  
  14  1:00  Overlord  
  14  1:07  Extractor  
  14  1:08  Drone, Extractor  
  13  1:20  Queen  
  15  1:25  Spine Crawler  
  14  1:34  Spine Crawler  
  14  1:36  Drone  
  14  1:40  Drone  
  15  2:11  Hatchery  
  14  2:19  Drone  
  14  2:20  Drone  
  14  2:22  Drone  
  17  2:46  Drone  
  17  2:47  Drone  
  19  2:59  Spine Crawler  
  19  3:02  Spore Crawler  
  17  3:17  Drone x2  
  17  3:18  Drone  
  20  3:24  Drone  
  21  3:29  Drone  
  22  3:54  Lair  
  22  4:02  Drone x3  
  25  4:26  Drone  
  25  4:27  Drone x2, Spine Crawler  
  27  4:38  Drone x3  
  30  4:39  Queen  
  32  4:57  Drone  
  33  5:02  Extractor  
  33  5:05  Extractor, Queen  
  33  5:07  Drone x2  
  33  5:08  Drone  
  33  5:14  Spire  
  35  5:21  Roach Warren  
  34  5:41  Drone x2  
  31  6:02  Roach x2  
  35  6:35  Overlord x3  
  35  6:44  Drone  
  36  7:10  Drone x3  
  39  7:16  Drone x3  
  42  7:32  Hatchery  
  42  7:33  Hatchery  
  40  7:40  Spine Crawler  
  40  7:41  Spine Crawler  
  40  7:42  Spine Crawler  
  37  7:49  Spine Crawler  
  37  7:50  Spine Crawler  
  35  7:51  Corruptor x2, Spine Crawler  
  35  7:55  Drone  
  39  8:20  Drone x2  
  39  8:21  Drone  
  39  8:24  Queen  
  44  8:30  Drone x3  
  47  8:37  Spore Crawler  
  46  8:48  Drone  
  46  8:51  Drone  
  48  8:58  Drone x3  
  51  9:33  Spine Crawler  
  51  9:36  Spine Crawler  
  51  9:37  Roach x4  
  51  9:38  Roach x2  
  61  9:42  Burrow  
  61  9:44  Drone x2  
  63  9:48  Drone  
  63  9:49  Drone  
  65  9:53  Drone  
  66  10:09  Drone  
  67  10:15  Drone x4  
  71  10:21  Extractor  
  71  10:24  Extractor  
  71  10:26  Extractor  
  68  10:29  Extractor  
  67  10:43  Roach x2  
  67  10:47  Drone  
  67  10:49  Overlord  
  72  10:50  Overlord  
  72  10:58  Overlord x3  
  72  11:00  Overlord x3  
  72  11:38  Corruptor x3  
  78  11:42  Corruptor  
  78  11:45  Mutalisk  
  78  11:46  Roach  
  84  11:53  Drone  
  85  12:55  Spore Crawler  
  85  12:57  Spine Crawler x3  
  81  13:00  Spine Crawler  
  81  13:02  Roach x11  
  66  13:34  Corruptor x3  
  66  13:37  Mutalisk x3, Roach x11  
  66  13:39  Roach x11  
  66  13:41  Corruptor x3  
  78  13:44  Corruptor x3  
  63  14:30  Roach x11  
  57  14:34  Corruptor x4  
  57  14:35  Corruptor x2  
  57  14:36  Corruptor x3  
  71  14:54  Corruptor  
  71  14:56  Corruptor  
  75  15:26  Overlord, Corruptor x2  
  75  15:28  Corruptor x3  
  79  15:31  Corruptor x2  
  79  15:32  Corruptor  
  42  16:26  Spawning Pool  
  13  16:43  Spawning Pool  
  7  17:12  Hatchery  
Show
View Real Time Build Order
Export as new Build Order

Darkon Terran - Winner!

Build Orders:  

Get SALT Encoding   

  12  0:01  SCV  
  13  0:13  SCV  
  14  0:23  Supply Depot  
  14  0:25  SCV  
  15  0:45  SCV  
  15  0:47  Barracks  
  16  0:55  Refinery  
  16  0:57  SCV  
  17  1:09  SCV  
  18  1:30  SCV  
  19  1:38  Command Center  
  19  1:43  Orbital Command  
  19  2:00  Barracks  
  19  2:08  Barracks Reactor  
  19  2:09  Refinery  
  19  2:10  SCV  
  20  2:22  SCV  
  21  2:34  SCV  
  22  2:44  Marine  
  22  2:49  Marine, SCV  
  25  2:52  Supply Depot  
  25  2:57  Orbital Command  
  25  3:02  SCV  
  26  3:07  Marine  
  26  3:08  Marine, Barracks Tech Lab  
  28  3:16  Supply Depot  
  28  3:17  Factory  
  28  3:23  SCV  
  29  3:30  SCV  
  30  3:35  Marine x2, SCV  
  30  3:39  Supply Depot  
  33  3:42  SCV  
  33  3:48  SCV  
  35  3:54  SCV  
  36  4:00  SCV  
  38  4:06  SCV  
  38  4:09  Reaper x3  
  41  4:12  SCV  
  42  4:23  Command Center  
  42  4:24  SCV  
  42  4:27  Refinery  
  42  4:30  Refinery  
  43  4:36  SCV  
  43  4:38  SCV  
  45  4:41  Reaper x2  
  45  4:42  Reaper  
  45  4:45  Refinery  
  48  4:48  SCV  
  48  4:50  SCV  
  50  4:59  Factory Reactor  
  50  5:00  SCV  
  50  5:02  SCV  
  50  5:03  Starport  
  52  5:12  SCV  
  52  5:13  Reaper x2  
  52  5:14  Reaper  
  55  6:03  Engineering Bay  
  50  6:30  Engineering Bay  
  45  6:35  Orbital Command  
  44  6:53  Factory Tech Lab  
  44  6:58  Missile Turret  
  44  7:08  SCV  
  44  7:10  Liberator x2  
  44  7:11  SCV  
  46  7:18  Missile Turret  
  46  7:21  SCV  
  47  7:23  SCV x2  
  47  7:29  Marine  
  56  7:31  Marine x2  
  56  7:33  SCV  
  56  7:34  Siege Tank  
  56  7:35  SCV x2  
  64  7:38  Terran Infantry Weapons Level 1  
  64  7:39  Terran Infantry Armor Level 1, Missile Turret  
  64  7:44  Starport  
  64  7:45  SCV  
  64  7:46  Marine  
  64  7:47  SCV  
  64  7:48  SCV  
  64  7:49  Marine x2  
  70  7:57  SCV  
  71  7:59  SCV  
  71  8:00  SCV  
  71  8:04  Marine  
  74  8:06  Siege Tank  
  74  8:07  Command Center  
  74  8:10  Missile Turret  
  77  8:19  Supply Depot  
  77  8:22  Starport  
  77  8:23  Liberator x2, Starport Reactor  
  77  8:30  Missile Turret  
  77  8:40  SCV x2  
  77  8:41  Supply Depot  
  85  8:49  Refinery  
  85  8:50  Missile Turret  
  85  8:53  Command Center  
  85  8:59  Starport Reactor  
  85  9:00  Starport  
  85  9:01  Command Center  
  85  9:02  Marine x2, Siege Tank, SCV  
  91  9:03  Viking  
  91  9:04  Supply Depot  
  91  9:09  Missile Turret  
  93  9:18  Viking  
  95  9:26  Supply Depot  
  95  9:28  Missile Turret  
  95  9:33  Viking  
  95  9:34  Siege Tank  
  95  9:37  Starport  
  100  9:48  Viking, Missile Turret  
  100  9:50  Supply Depot  
  102  10:03  Viking  
  102  10:06  Siege Tank  
  98  10:16  Starport Reactor  
  98  10:18  Viking, Starport Reactor  
  98  10:19  Viking  
  98  10:20  Viking  
  104  10:33  Viking  
  106  10:35  Armory  
  106  10:39  Siege Tank, SCV  
  106  10:42  SCV  
  111  10:44  SCV  
  111  10:48  Refinery, Viking  
  111  10:49  Viking  
  116  10:50  Viking  
  116  10:51  SCV  
  116  10:54  SCV  
  116  10:56  SCV  
  121  11:01  Refinery  
  121  11:02  Viking x2  
  121  11:03  SCV, Viking x3  
  132  11:06  SCV  
  132  11:08  SCV  
  132  11:11  Siege Tank  
  137  11:15  SCV  
  137  11:18  SCV, Viking  
  141  11:19  Viking  
  141  11:20  SCV, Viking  
  141  11:24  Armory  
  146  11:26  Terran Ship Weapons Level 1  
  146  11:27  SCV  
  146  11:32  Viking x3  
  151  11:33  Viking x2  
  151  11:34  Refinery  
  151  11:37  SCV  
  151  11:39  Refinery  
  158  11:49  SCV  
  159  11:58  Viking  
  161  12:01  SCV  
  162  12:13  Supply Depot  
  162  12:15  Supply Depot  
  162  12:16  Supply Depot  
  162  12:17  Supply Depot  
  162  12:29  Terran Vehicle And Ship Armor Level 1  
  162  12:35  Starport, Viking x4  
  162  12:36  Viking x4  
  178  12:38  Orbital Command  
  178  12:42  Orbital Command  
  178  12:59  Refinery  
  178  13:04  Viking x4  
  186  13:06  Viking x3  
  179  14:59  Marine x2  
  179  15:00  Marine  
  164  15:57  Marine  
  163  16:21  Marine x2  
  163  16:53  Siege Tank  
  163  16:54  Marine x2  
  159  17:25  Siege Tank  
  162  17:52  Starport Tech Lab  
  162  19:19  Marine  
Show
View Real Time Build Order
Export as new Build Order

CarlosGR Protoss - Winner!

Build Orders:  

Get SALT Encoding   

  12  0:18  Probe, Pylon  
  13  0:30  Probe  
  14  0:42  Probe  
  15  0:45  Gateway  
  15  0:54  Probe  
  16  1:02  Assimilator  
  16  1:06  Probe  
  17  1:16  Probe  
  18  1:18  Gateway  
  18  1:24  Probe  
  18  1:32  Probe  
  19  1:36  Zealot  
  22  2:01  Pylon  
  22  2:11  Pylon  
  22  2:17  Assimilator  
  22  2:19  Zealot  
  24  2:31  Gateway  
  24  2:46  Zealot  
  26  2:56  Nexus  
  26  3:02  Pylon  
  26  3:12  Zealot  
  28  3:13  Zealot  
  30  3:21  Probe  
  31  3:33  Probe  
  32  3:40  Zealot  
  34  3:45  Probe  
  34  3:47  Pylon  
  35  3:50  Gateway  
  35  3:55  Zealot  
  37  4:00  Zealot  
  39  4:08  Zealot  
  39  4:09  Probe  
  42  4:21  Probe  
  42  4:22  Zealot  
  45  4:27  Forge  
  45  4:33  Probe  
  45  4:35  Cybernetics Core  
  46  4:45  Probe  
  46  4:49  Zealot  
  49  4:57  Probe  
  50  5:08  Protoss Ground Weapons Level 1  
  50  5:10  Probe  
  51  5:15  Nexus  
  51  5:16  Protoss Air Weapons Level 1  
  51  5:22  Probe  
  52  5:34  Assimilator, Probe  
  53  5:39  Assimilator  
  53  5:45  Assimilator  
  53  5:46  Probe  
  54  5:54  Stalker  
  56  5:58  Probe  
  57  6:10  Probe  
  58  6:21  Pylon  
  58  6:22  Probe  
  58  6:24  Stalker  
  61  6:27  Pylon  
  61  6:29  Assimilator  
  61  6:34  Probe  
  61  6:39  Stargate  
  62  6:43  Pylon  
  62  6:46  Probe  
  63  6:54  Stalker  
  63  6:57  Stargate  
  63  6:58  Probe  
  66  7:04  Stargate  
  66  7:08  Stargate  
  66  7:14  Stargate  
  66  7:24  Probe  
  66  7:29  Sentry  
  69  7:35  Stalker, Sentry  
  69  7:36  Probe  
  74  7:43  Protoss Ground Armor Level 1  
  74  7:49  Probe  
  75  7:54  Probe  
  75  7:55  Stalker  
  78  7:59  Void Ray  
  78  8:01  Stalker, Probe  
  78  8:05  Stalker  
  87  8:06  Probe  
  88  8:18  Probe  
  89  8:22  Void Ray x2  
  89  8:25  Stalker  
  99  8:30  Probe  
  100  8:42  Probe  
  101  8:54  Probe  
  102  8:57  Fleet Beacon  
  102  9:06  Void Ray  
  102  9:07  Probe  
  107  9:19  Probe  
  108  9:31  Probe  
  109  9:57  Pylon  
  109  10:00  Nexus  
  109  10:01  Pylon  
  109  10:04  Pylon  
  109  10:07  Pylon  
  109  10:15  Probe, Carrier  
  109  10:18  Carrier  
  122  10:22  Void Ray, Carrier  
  122  10:25  Carrier  
  122  10:27  Probe  
  139  10:39  Pylon  
  139  10:42  Pylon  
  139  10:45  Pylon  
  139  10:57  Mothership  
  139  10:59  Assimilator  
  147  11:05  Assimilator  
  147  11:14  Probe  
  148  11:19  Carrier  
  148  11:23  Protoss Air Armor Level 1  
  148  11:25  Anion Pulse-Crystals  
  154  11:26  Probe  
  155  11:38  Probe  
  156  11:41  Carrier  
  156  11:47  Probe  
  163  11:50  Probe  
  164  11:59  Probe  
  165  12:02  Probe  
  166  12:08  Pylon  
  166  12:10  Pylon  
  166  12:11  Probe  
  166  12:13  Pylon  
  167  12:17  Pylon  
  167  12:19  Pylon  
  167  12:23  Probe  
  167  12:29  Probe  
  169  12:33  Carrier  
  169  12:35  Probe  
  176  12:41  Probe  
  177  12:53  Probe  
  177  12:58  Protoss Shields Level 1  
  178  13:05  Probe  
  179  13:14  Protoss Air Weapons Level 2  
  179  13:17  Probe  
  168  14:39  Carrier  
  156  15:57  Protoss Air Armor Level 2  
  148  16:04  Carrier  
  150  16:32  Mothership  
  158  16:33  Carrier x4  
  176  17:30  Carrier  
  182  17:59  Carrier x3  
Show
View Real Time Build Order
Export as new Build Order

impoe Protoss 

Build Orders:  

Get SALT Encoding   

  12  0:18  Probe  
  12  0:26  Probe  
  14  0:36  Probe, Pylon  
  14  0:41  Assimilator  
  15  0:54  Probe  
  16  0:57  Gateway  
  16  1:02  Probe  
  16  1:04  Gateway  
  16  1:11  Probe  
  18  1:21  Probe  
  18  1:25  Pylon  
  19  1:33  Probe  
  19  1:37  Forge  
  20  2:00  Cybernetics Core  
  20  2:04  Probe  
  21  2:15  Assimilator  
  21  2:16  Probe  
  22  2:28  Probe  
  23  2:38  Probe  
  23  2:44  Nexus  
  24  2:46  Probe  
  24  2:49  Stalker  
  27  2:54  Sentry  
  27  2:55  Probe  
  29  3:01  Assimilator  
  30  3:07  Probe  
  31  3:16  Pylon  
  31  3:18  Pylon  
  31  3:27  Pylon  
  31  3:34  Probe  
  32  3:46  Probe, Stargate  
  33  3:58  Probe  
  34  4:04  Stargate  
  34  4:10  Probe  
  35  4:22  Probe x2  
  36  4:30  Probe  
  37  4:33  Void Ray  
  42  4:40  Probe  
  42  4:41  Probe  
  44  4:49  Stalker x2  
  44  4:50  Probe  
  44  4:52  Probe  
  49  4:59  Probe, Photon Cannon  
  50  5:00  Photon Cannon  
  50  5:02  Photon Cannon  
  51  5:11  Pylon  
  51  5:30  Photon Cannon  
  51  5:35  Pylon  
  51  6:00  Void Ray x2  
  52  6:43  Void Ray x2  
  52  6:46  Probe  
  60  6:48  Assimilator  
  60  6:54  Probe  
  61  6:55  Probe  
  63  7:03  Probe x2  
  63  7:05  Stalker x2  
  69  7:12  Probe  
  71  7:15  Probe  
  71  7:21  Fleet Beacon  
  71  7:24  Probe  
  71  7:27  Probe  
  73  7:34  Robotics Facility  
  73  7:35  Adept, Stalker  
  73  7:36  Probe  
  78  7:45  Twilight Council  
  78  8:02  Adept  
  78  8:05  Adept  
  82  8:29  Adept  
  82  8:32  Adept  
  86  8:59  Charge  
  86  9:53  Probe  
  86  9:55  Probe  
  86  9:57  Stalker  
  85  10:00  Stalker  
  85  10:05  Probe  
  85  10:07  Probe  
  85  10:18  Probe  
  86  10:40  Blink  
  86  10:43  Shield Battery  
  86  10:50  Pylon  
  86  11:04  Pylon  
  86  11:08  Probe x2, Carrier  
  86  11:10  Photon Cannon  
  94  11:11  Photon Cannon  
  94  11:22  Immortal, Probe x2, Zealot  
  102  12:41  Resonating Glaives  
  102  12:54  Nexus  
  102  13:19  Nexus  
  102  14:05  Adept, Immortal, Probe, Zealot  
  69  14:32  Adept x2  
  73  14:45  Immortal  
  71  14:59  Adept x2  
  36  15:44  Nexus  
  33  16:43  Pylon  
  33  16:45  Pylon  
  33  16:48  Pylon  
  33  16:53  Pylon  
Tags
 
Add a new tag
Caveats
  • Supply blocks, unpowered buildings, or Contaminate may cause inaccurate times.
  • Supply counts are checked every 10 seconds.